 Dungeon Crawl Stone Soup version 0.29-a0-418-gc0181ea (webtiles) character file.

Game seed: 5472402042499994906

450 Toastz the Grasshopper (level 7, 0/56 HPs)
             Began as a Gnoll Warper on May 17, 2022.
             Slain by Grinder (7 damage)
             ... in a sewer.
             The game lasted 00:13:41 (4224 turns).

Toastz the Grasshopper (Gnoll Warper)               Turns: 4224, Time: 00:13:41

Health: 0/56       AC: 10    Str: 12      XL:     7   Next: 4%
Magic:  15/15      EV: 11    Int: 18      God:
Gold:   209        SH:  0    Dex: 11 (12) Spells: 6/17 levels left

rFire   . . .      SeeInvis .   a - +0 halberd
rCold   + . .      Faith    .   (shield currently unavailable)
rNeg    . . .      Spirit   .   v - +2 ring mail of Konk {Harm Will- Regen+ Int+6}
rPois   .          Reflect  .   s - +2 helmet
rElec   .          Harm     +   (no cloak)
rCorr   .          Rampage  .   (no gloves)
Will    .....                   (no boots)
Stlth   +.........              (no amulet)
HPRegen 0.98/turn               l - ring of protection from cold
MPRegen 0.14/turn               (no ring)

@: no status effects
A: fangs 1, strong nose, distributed training
a: no special abilities


You were in a sewer.
You visited 1 branch of the dungeon, and saw 4 of its levels.
You also visited: Sewer.

You collected 209 gold pieces.

Inventory:

Hand Weapons
 a - a +0 halberd (weapon)
 b - a +0 hunting sling
 z - a +1 antimagic spear
 C - a +0 spear
Missiles
 d - 7 boomerangs of dispersal
 i - 102 stones (quivered)
Armour
 e - the +1 robe of the Buccaneer {rN+ SInv}
   (You found it on level 3 of the Dungeon)

   rN:        It protects you from negative energy.
   SInv:      It lets you see invisible.
 o - a +0 leather armour
 s - a +2 helmet (worn)
 v - the +2 ring mail of Konk (worn) {Harm Will- Regen+ Int+6}
   (You found it on level 2 of the Dungeon)

   Int:       It affects your intelligence (+6).
   Regen:     It increases your rate of health regeneration.
   Harm:      It increases damage dealt and taken.
   Will:      It decreases your willpower.
Jewellery
 l - a ring of protection from cold (left hand)
 n - a ring of positive energy
Wands
 y - a wand of flame (2)
Scrolls
 c - a scroll of blinking
 f - 2 scrolls of silence
 k - a scroll of fog {unknown}
 m - a scroll of acquirement {unknown}
 p - a scroll of summoning
 t - a scroll of brand weapon {unknown}
 u - a scroll of fear
 B - a scroll of torment {unknown}
Potions
 g - 2 potions of curing
 h - a potion of resistance
 j - a potion of berserk rage {unknown}
 q - a potion of brilliance {unknown}
 r - 2 potions of attraction
 w - a potion of lignification {unknown}
 x - a potion of haste {unknown}
 A - a potion of ambrosia {unknown}
 D - a potion of degeneration {unknown}


   Skills:
 + Level 5.1 Fighting
 + Level 2.2 Short Blades
 + Level 2.2 Long Blades
 + Level 2.2 Axes
 + Level 2.2 Maces & Flails
 + Level 5.1 Polearms
 + Level 2.2 Staves
 + Level 2.2 Slings
 + Level 2.2 Bows
 + Level 2.2 Crossbows
 + Level 3.4 Throwing
 + Level 3.4 Armour
 + Level 5.1 Dodging
 + Level 2.2 Stealth
 + Level 2.2 Shields
 + Level 2.2 Unarmed Combat
 + Level 5.5 Spellcasting
 + Level 1.8 Conjurations
 + Level 1.8 Hexes
 + Level 1.8 Summonings
 + Level 1.8 Necromancy
 + Level 5.7 Translocations
 + Level 1.8 Transmutations
 + Level 1.8 Fire Magic
 + Level 1.8 Ice Magic
 + Level 1.8 Air Magic
 + Level 1.8 Earth Magic
 + Level 1.8 Poison Magic
 + Level 2.4 Invocations
 + Level 2.2 Evocations


You had 6 spell levels left.
You knew the following spells:

 Your Spells              Type           Power      Damage    Failure   Level
a - Blink                 Tloc           50%        N/A       3%          2
b - Gell's Gravitas       Tloc           25%        N/A       8%          3
c - Teleport Other        Tloc           25%        N/A       8%          3
d - Lesser Beckoning      Tloc           25%        N/A       8%          3

Your spell library contained the following spells:

 Spells                   Type           Power      Damage    Failure   Level
 Animate Skeleton         Necr           22%        N/A       13%         1
 Pain                     Necr           44%        1d6       13%         1
 Ignite Poison            Fire/Tmut/Pois 11%        N/A       36%         3
 Mephitic Cloud           Conj/Pois/Air  11%        N/A       36%         3
 Vampiric Draining        Necr           11%        2d6       36%         3
 Manifold Assault         Tloc           25%        N/A       56%         5
 Freezing Cloud           Conj/Ice/Air   5%         6-21      98%         5


Dungeon Overview and Level Annotations

Branches:
Dungeon (4/15)              Sewer (1/1)
 Temple: D:4-7

Altars:
Ashenzari
Trog

Annotations:
Sewer Grinder


Innate Abilities, Weirdness & Mutations

You have very sharp teeth.
Your uncanny sense of smell can sniff out nearby items.
Your experience applies equally to all skills.


Message History

You hit Grinder but do no damage.
Grinder is almost dead.
Grinder misses you.
You closely miss Grinder.
Grinder is almost dead.
Grinder hits you!
* * * LOW HITPOINT WARNING * * *
You writhe in agony.
* * * LOW HITPOINT WARNING * * *
Grinder hits you.
* * * LOW HITPOINT WARNING * * *
You writhe in agony.
* * * LOW HITPOINT WARNING * * *
You closely miss Grinder.
Grinder is almost dead.
Grinder gestures at you.
You barely resist. You hit Grinder.
Grinder is almost dead.
Grinder hits you but does no damage.
You closely miss Grinder.
Grinder is almost dead.
Grinder hits you but does no damage.
You closely miss Grinder. Your bite misses Grinder.
Grinder is almost dead.
Grinder closely misses you.
You hit Grinder.
Grinder is almost dead.
Grinder hits you.
* * * LOW HITPOINT WARNING * * *
You writhe in agony.
* * * LOW HITPOINT WARNING * * *
Grinder hits you but does no damage.
You closely miss Grinder. Your bite misses Grinder.
Grinder is almost dead.
Grinder closely misses you.
You hit Grinder.
Grinder is almost dead.
Grinder hits you.
You die...

#.≈≈# #.≈≈# #.≈≈# #.≈≈#
#..≈#
#.≈≈###################
#.≈≈≈≈≈≈≈≈≈≈≈≈≈#≈≈≈≈≈≈#
#.≈≈≈≈≈≈.≈≈)≈≈≈.≈≈≈≈≈≈#
#.......5@)....#≈≈≈≈≈≈#
##≈##########.##≈≈≈≈≈≈#
#≈≈≈#≈≈≈≈≈ #...#≈≈≈≈≈≈#
#≈≈≈#≈≈≈≈≈≈#.÷.#≈≈≈≈≈≈#
#≈≈≈#≈≈≈≈≈≈#...≈≈≈≈≈≈≈#
#≈≈≈#≈≈≈≈≈≈≈...#≈≈≈≈≈≈#
#≈≈≈#≈≈≈≈≈≈#...#≈≈≈≈≈≈#
#≈≈≈#≈≈≈≈≈≈≈...≈≈≈≈≈≈≈#
#≈≈≈#≈≈≈≈≈≈≈...#≈≈≈≈≈≈#


You could see Grinder.

Vanquished Creatures
  A kobold brigand (Sewer)
  2 quasits (Sewer)
  Jessica (D:3)
  Ijyb (D:3)
  Robin (D:3)
  5 gnolls
  6 adders
  A river rat (D:4)
  2 shadow imps (Sewer)
  4 ufetubi (Sewer)
  5 dart slugs
  4 worms
  7 ball pythons
  2 endoplasms (D:1)
  3 giant cockroaches
  11 goblins
  2 hobgoblins (D:3)
  4 quokkas
  8 bats
  4 frilled lizards
  21 kobolds
  5 rats
100 creatures vanquished.

Vanquished Creatures (others)
  An endoplasm (Sewer)
  A kobold zombie (Sewer)
2 creatures vanquished.

Grand Total: 102 creatures vanquished

Notes
Turn   | Place    | Note
-------+----------+-------------------------------------------
     0 | D:1      | Toastz the Gnoll Warper began the quest for the Orb.
     0 | D:1      | Reached XP level 1. HP: 20/20 MP: 6/6
   325 | D:1      | Reached XP level 2. HP: 18/26 MP: 7/7
   422 | D:1      | Learned a level 2 spell: Blink
   962 | D:1      | Reached XP level 3. HP: 29/31 MP: 9/9
  1029 | D:1      | Reached skill level 5 in Spellcasting
  1340 | D:1      | Reached skill level 1 in Invocations
  1728 | D:2      | Found a broken altar of Ashenzari.
  1744 | D:2      | Found a faded altar of an unknown god.
  1923 | D:2      | Reached skill level 1 in Short Blades
  1923 | D:2      | Reached skill level 1 in Long Blades
  1923 | D:2      | Reached skill level 1 in Axes
  1923 | D:2      | Reached skill level 1 in Maces & Flails
  1923 | D:2      | Reached skill level 1 in Staves
  1923 | D:2      | Reached skill level 1 in Slings
  1923 | D:2      | Reached skill level 1 in Bows
  1923 | D:2      | Reached skill level 1 in Crossbows
  1923 | D:2      | Reached skill level 1 in Stealth
  1923 | D:2      | Reached skill level 1 in Shields
  1923 | D:2      | Reached skill level 1 in Unarmed Combat
  1923 | D:2      | Reached skill level 1 in Evocations
  2026 | D:2      | Reached XP level 4. HP: 22/38 MP: 11/11
  2308 | D:2      | Identified the +2 ring mail of Konk {Harm Will- Regen+
                  | Int+6}
  2446 | D:3      | Noticed Jessica
  2449 | D:3      | Killed Jessica
  2450 | D:3      | Reached skill level 1 in Conjurations
  2450 | D:3      | Reached skill level 1 in Hexes
  2450 | D:3      | Reached skill level 1 in Summonings
  2450 | D:3      | Reached skill level 1 in Necromancy
  2450 | D:3      | Reached skill level 1 in Transmutations
  2450 | D:3      | Reached skill level 1 in Fire Magic
  2450 | D:3      | Reached skill level 1 in Ice Magic
  2450 | D:3      | Reached skill level 1 in Air Magic
  2450 | D:3      | Reached skill level 1 in Earth Magic
  2450 | D:3      | Reached skill level 1 in Poison Magic
  2469 | D:3      | Noticed Ijyb
  2551 | D:3      | Killed Ijyb
  2552 | D:3      | Reached XP level 5. HP: 20/43 MP: 12/12
  2665 | D:3      | Noticed Robin
  2689 | D:3      | Killed Robin
  2817 | D:3      | Found a bloodstained altar of Trog.
  2993 | D:3      | Identified the +1 robe of the Buccaneer {rN+ SInv}
  3287 | D:3      | Learned a level 3 spell: Gell's Gravitas
  3645 | D:3      | Learned a level 3 spell: Teleport Other
  3649 | D:3      | Learned a level 3 spell: Lesser Beckoning
  3770 | D:4      | Reached XP level 6. HP: 36/50 MP: 13/13
  3875 | D:4      | Found a glowing drain.
  3879 | Sewer    | Entered a sewer
  4066 | Sewer    | Reached skill level 5 in Fighting
  4066 | Sewer    | Reached skill level 5 in Polearms
  4066 | Sewer    | Reached skill level 5 in Dodging
  4146 | Sewer    | Noticed Grinder
  4151 | Sewer    | Reached XP level 7. HP: 24/56 MP: 15/15
  4224 | Sewer    | Slain by Grinder

Illustrated notes

Levels and vault maps discovered:
D:1:      heliophobic_arrival_ceremonial_halls, layout_basic,
          minmay_misc_feat_columns
D:2:      layout_loops_ring, basic_altar, shapermc_ecumenical_altar_venn,
          minmay_vboxes
D:3:      layout_basic, mainiacjoe_overflow_concentric_impassable,
          due_unseen_surprise, uniq_robin, uniq_jessica, uniq_ijyb
D:4:      layout_cave_pools, nicolae_ru_great_annihilating_truth,
          gup_sewer_entry_spiral
Sewer:    kennysheep_sewer_church

Skill      XL: |  1  2  3  4  5  6 |
---------------+-------------------+-----
Spellcasting   | 5 |  5.5
Invocations    | 1 2 |  2.4
Short Blades   | 1 2 |  2.2
Long Blades    | 1 2 |  2.2
Axes           | 1 2 |  2.2
Maces & Flails | 1 2 |  2.2
Staves         | 1 2 |  2.2
Slings         | 1 2 |  2.2
Bows           | 1 2 |  2.2
Crossbows      | 1 2 |  2.2
Stealth        | 1 2 |  2.2
Shields        | 1 2 |  2.2
Unarmed Combat | 1 2 |  2.2
Evocations     | 1 2 |  2.2
Conjurations   | 1 |  1.8
Hexes          | 1 |  1.8
Summonings     | 1 |  1.8
Necromancy     | 1 |  1.8
Transmutations | 1 |  1.8
Fire Magic     | 1 |  1.8
Ice Magic      | 1 |  1.8
Air Magic      | 1 |  1.8
Earth Magic    | 1 |  1.8
Poison Magic   | 1 |  1.8
Throwing       | 3 |  3.4
Armour         | 3 |  3.4
Fighting       | 5 |  5.1
Polearms       | 5 |  5.1
Dodging        | 5 |  5.1
Translocations | |  5.7

Action                   |  1- 3 |  4- 6 |  7- 9 || total
-------------------------+-------+-------+-------++-------
Melee: Spear             |   145 |   216 |       ||   361
       Bite              |    10 |    26 |       ||    36
       Punch             |     1 |     3 |       ||     4
       Halberd           |       |   130 |    24 ||   154
 Fire: Hunting sling     |     3 |    11 |     9 ||    23
Throw: Stone             |     4 |    25 |       ||    29
 Cast: Lesser Beckoning  |       |     1 |       ||     1
  Use: Scroll            |     1 |     6 |       ||     7
       Potion            |     1 |       |       ||     1
 Stab: Sleeping          |     1 |       |       ||     1
Armor: Leather armour    |    34 |     1 |       ||    35
       Ring mail         |       |   150 |     5 ||   155
Dodge: Dodged            |    82 |   249 |     5 ||   336

Table legend: (Time is in decaauts)
 A = Elapsed time spent in this place.
 B = Non-inter-level travel time spent in this place.
 C = Inter-level travel time spent in this place.
 D = Time resting spent in this place.
 E = Time spent auto-exploring this place.
 F = Levels seen in this place.
 G = Mean time per level.
                   A        B        C        D        E       F      G
               +--------+--------+--------+--------+--------+-----+--------+
         Total |   4243 |   4140 |    103 |    443 |   2560 |   5 |  848.6 |
       Dungeon |   3868 |   3765 |    103 |    420 |   2477 |   4 |  967.0 |
         Sewer |    375 |    375 |      0 |     22 |     83 |   1 |  375.0 |
               +--------+--------+--------+--------+--------+-----+--------+

Top non-repeatable levels by time:
     D:1: 1490 daAuts
     D:3: 1208 daAuts
     D:2: 909 daAuts
   Sewer: 375 daAuts
     D:4: 259 daAuts
